 Dungeon Crawl Stone Soup version 0.30-a0-996-ga6910c8ee8 (webtiles) character file.

Game seed: 11695942871550267963

866 jasper the Thaumaturge (level 7, -2/40 HPs)
             Began as a Deep Elf Hedge Wizard on Apr 4, 2023.
             Was an Initiate of Sif Muna.
             Slain by a gnoll
             ... wielding a +0 club
             ... led by a gnoll sergeant
              (4 damage)
             ... on level 5 of the Dungeon.
             The game lasted 00:09:09 (4559 turns).

jasper the Thaumaturge (Deep Elf Hedge Wizard)      Turns: 4559, Time: 00:09:10

Health: -2/40      AC:  8    Str:  7    XL:     7   Next: 72%
Magic:  15/30      EV: 13    Int: 23    God:    Sif Muna [......]
Gold:   187        SH:  0    Dex: 16    Spells: 9/23 levels left

rFire   . . .      SeeInvis .    e - staff of conjuration "Boetha" {rC- rN+ Will+ Int+2}
rCold   x . .      Faith    .    (no shield)
rNeg    + . .      Spirit   .    l - +3 leather armour "Yphanot" {rElec MP+9 Dex+2}
rPois   .          Reflect  .    c - +1 hat
rElec   +          Rampage  .    f - scarf {repulsion}
rCorr   .                        (no gloves)
Will    +....                    i - +0 pair of boots
Stlth   ++                       (no amulet)
HPRegen 0.26/turn                (no ring)
MPRegen 0.22/turn                (no ring)

@: very slightly contaminated, repel missiles
A: no striking features
a: Renounce Religion


You were on level 5 of the Dungeon.
You worshipped Sif Muna.
Sif Muna was noncommittal.
You visited 2 branches of the dungeon, and saw 6 of its levels.

You collected 187 gold pieces.

Inventory:

Hand Weapons
 a - a +1 dagger
 n - a +0 whip of venom
Missiles
 g - 15 poisoned darts
 o - 4 throwing nets
Armour
 b - a +0 robe
 c - a +1 hat (worn)
 f - a scarf of repulsion (worn)
 i - a +0 pair of boots (worn)
 l - the +3 leather armour "Yphanot" (worn) {rElec MP+9 Dex+2}
   (You took it off a goblin on level 2 of the Dungeon)

   Dex:       It affects your dexterity (+2).
   rElec:     It insulates you from electricity.
   MP:        It affects your magic capacity (+9).
Magical Staves
 e - the staff of conjuration "Boetha" (weapon) {rC- rN+ Will+ Int+2}
   (You acquired it on level 2 of the Dungeon)

   [staff of conjuration]

   Base accuracy: +5 Base damage: 5 Base attack delay: 1.2 This weapon's minimum
   attack delay (0.6) is reached at skill level 12.
   Int:       It affects your intelligence (+2).
   rC:        It makes you vulnerable to cold.
   rN:        It protects you from negative energy.
   Will:      It increases your willpower.
   It falls into the 'Staves' category.
   It is a one-handed weapon.
Scrolls
 h - a scroll of fear
 p - 2 scrolls of identify
 q - a scroll of enchant weapon
Potions
 d - 3 potions of magic
 j - 2 potions of might
 k - a potion of brilliance
 m - a potion of resistance
 r - 2 potions of flight
 t - a potion of attraction


   Skills:
 + Level 2.0 Fighting
 + Level 2.2 Armour
 + Level 4.1 Dodging
 - Level 2.4 Stealth
 * Level 8.8 Spellcasting
 - Level 1.1 Conjurations
 - Level 1.1 Summonings
 - Level 1.1 Translocations
 - Level 2.0 Ice Magic
 - Level 2.0 Air Magic
 + Level 2.6 Invocations


You had 9 spell levels left.
You knew the following spells:

 Your Spells              Type           Power      Damage    Failure   Level
a - Magic Dart            Conj           88%        1d7       6%          1
b - Slow                  Hex            40%        N/A       10%         1
c - Blink                 Tloc           30%        N/A       9%          2
d - Call Imp              Summ           15%        N/A       9%          2
e - Cigotuvi's Dreadful   Necr/Pois/Air  26%        N/A       11%         2
f - Mephitic Cloud        Conj/Pois/Air  22%        N/A       19%         3
g - Frozen Ramparts       Ice            38%        1d6       12%         3

Your spell library contained the following spells:

 Spells                   Type           Power      Damage    Failure   Level
 Freeze                   Ice            76%        1d8       4%          1
 Hailstorm                Conj/Ice       26%        3d7       14%         3
 Chain Lightning          Conj/Air       13%        3d17      100%        9
 Fire Storm               Conj/Fire      9%         8d3       100%        9
 Shatter                  Erth           5%         3d8*      100%        9


Dungeon Overview and Level Annotations

Branches:
Dungeon (5/15)             Temple (1/1) D:4

Altars:
Ashenzari
Cheibriados
Dithmenos
Elyvilon
Fedhas
Hepliaklqana
Kikubaaqudgha
Makhleb
Nemelex Xobeh
Okawaru
Qazlal
Ru
Sif Muna
Trog
Uskayaw
Wu Jian
Xom
Yredelemnul
Zin
The Shining One

Annotations:
D:3 Ijyb
Temple 2 transporters


Message History

You now have 19/30 mp.
Aiming: Magic Dart (safe; 6% risk of failure)
Press: ? - help, Q - select action, (/) - cycle Shift-Dir - straight line, f/p - gnoll
Aim: a gnoll, wielding a +0 club and wearing a +0 scale mail (severely wounded, ally target, 100% to hit)
You feel a surge of power!
You miscast Magic Dart.
You are very lightly contaminated with residual magic.
Nothing appears to happen.
You now have 18/30 mp.
Aiming: Magic Dart (safe; 6% risk of failure)
Press: ? - help, Q - select action, (/) - cycle Shift-Dir - straight line, f/p - gnoll
Aim: a gnoll, wielding a +0 club and wearing a +0 scale mail (severely wounded, ally target, 100% to hit)
You feel a surge of power!
The magic dart hits the gnoll.
The gnoll is almost dead.
Aiming: Magic Dart (safe; 6% risk of failure)
Press: ? - help, Q - select action, (/) - cycle Shift-Dir - straight line, f/p - gnoll
Aim: a gnoll, wielding a +0 club and wearing a +0 scale mail (almost dead, ally target, 100% to hit)
You feel a surge of power!
The magic dart hits the gnoll but does no damage.
The gnoll is almost dead.
The gnoll misses you.
You now have 17/30 mp.
Aiming: Magic Dart (safe; 6% risk of failure)
Press: ? - help, Q - select action, (/) - cycle Shift-Dir - straight line, f/p - gnoll
Aim: a gnoll, wielding a +0 club and wearing a +0 scale mail (almost dead, ally target, 100% to hit)
You feel a surge of power!
The magic dart hits the gnoll but does no damage.
The gnoll is almost dead.
The gnoll hits you with a +0 club.
* * * LOW HITPOINT WARNING * * *
Your crimson imp completely misses the gnoll.
You take 2 damage, and have 2/40 hp.
You now have 16/30 mp.
Aiming: Magic Dart (safe; 6% risk of failure)
Press: ? - help, Q - select action, (/) - cycle Shift-Dir - straight line, f/p - gnoll
Aim: a gnoll, wielding a +0 club and wearing a +0 scale mail (almost dead, ally target, 100% to hit)
You feel a surge of power!
The magic dart hits the gnoll but does no damage.
The gnoll is almost dead.
Your crimson imp closely misses the gnoll.
The gnoll hits you with a +0 club.
You die...

*,,,,,,#.#######....#.##5.$##....
*,,*,*,#.# #......#.5∩55#....
,,,*,*,#.# #....#.##$.5##.###
,,,*,,,#.#######....#..#####..# #
,,,****#.##.........##.......## #
**,* #.##.........#############
8*,* #............######.......
**,* #####.###....##.......####
**,* #......5g@...##......÷###.
**,* #.###.##.....##.........'.
8*** #)# #.##.######.......###.
*### ###)# #.##.# #.......###.
##8###8#.# #.##.# #####.....#.
....g....# #.##.# #.......
.........# #.##.# #.....#.
.........###.##.# #.....#.
##8###8#..÷..##.######## #.....#.


You could see a gnoll (ally target) and a friendly crimson imp (summoned).

Vanquished Creatures
  A water moccasin (D:5)
  2 black bears
  A phantom (D:5)
  A gnoll sergeant (D:5)
  A scorpion (D:4)
  An orc priest (D:4)
  3 hounds
  2 iguanas
  12 gnolls
  4 adders
  A worm (D:5)
  A dart slug (D:2)
  6 orcs
  A giant cockroach (D:2)
  8 goblins
  4 hobgoblins
  A jackal (D:3)
  5 kobolds
  4 quokkas
  5 ball pythons
  3 bats
  8 rats
75 creatures vanquished.

Notes
Turn   | Place    | Note
-------+----------+-------------------------------------------
     0 | D:1      | jasper the Deep Elf Hedge Wizard began the quest for the
                  | Orb.
     0 | D:1      | Reached XP level 1. HP: 10/10 MP: 7/7
   128 | D:1      | You fall into a shaft and drop 1 floor!
   169 | D:2      | Learned a level 1 spell: Slow
   178 | D:2      | Reached skill level 5 in Spellcasting
   178 | D:2      | Reached XP level 2. HP: 6/15 MP: 0/10
   265 | D:2      | Learned a level 2 spell: Blink
   268 | D:2      | Learned a level 2 spell: Call Imp
   271 | D:2      | Learned a level 2 spell: Cigotuvi's Dreadful Rot
  1005 | D:2      | Reached skill level 6 in Spellcasting
  1005 | D:2      | Reached XP level 3. HP: 9/19 MP: 0/12
  1009 | D:2      | Learned a level 3 spell: Mephitic Cloud
  1013 | D:2      | Learned a level 3 spell: Frozen Ramparts
  1015 | D:2      | Identified the staff of earth "Cubreymp" {Drain rElec rPois
                  | Int-3}
  1015 | D:2      | Identified the +3 leather armour "Yphanot" {rElec MP+9
                  | Dex+2}
  1145 | D:2      | Found an iron altar of Okawaru.
  1305 | D:2      | Found a faded altar of an unknown god.
  1320 | D:2      | Reached skill level 1 in Ice Magic
  1572 | D:2      | Reached skill level 1 in Air Magic
  1860 | D:2      | Identified a scroll of acquirement
  1860 | D:2      | Acquired the staff of conjuration "Boetha" {rC- rN+ Will+
                  | Int+2}
  1884 | D:3      | Noticed Ijyb
  2197 | D:3      | Noticed a black bear
  2215 | D:3      | Killed a black bear
  2216 | D:3      | Reached XP level 4. HP: 19/24 MP: 1/14
  2216 | D:3      | Reached XP level 5. HP: 23/28 MP: 1/16
  2452 | D:4      | Reached skill level 7 in Spellcasting
  2637 | D:4      | Found a staircase to the Ecumenical Temple.
  2651 | Temple   | Entered the Ecumenical Temple
  2651 | Temple   | Found a transporter.
  2651 | Temple   | Found a transporter.
  2663 | Temple   | Found a transporter.
  2663 | Temple   | Found a transporter.
  2681 | Temple   | Became a worshipper of Sif Muna the Loreminder
  2883 | D:4      | Reached XP level 6. HP: 12/33 MP: 8/18
  3078 | D:4      | Reached skill level 1 in Fighting
  3078 | D:4      | Reached skill level 1 in Armour
  3246 | D:4      | Reached skill level 1 in Invocations
  3360 | D:4      | Found a basalt altar of Yredelemnul.
  3480 | D:5      | Entered Level 5 of the Dungeon
  3798 | D:5      | Noticed a water moccasin
  3806 | D:5      | Killed a water moccasin
  3807 | D:5      | Reached skill level 8 in Spellcasting
  3807 | D:5      | Reached XP level 7. HP: 33/38 MP: 20/20
  4035 | D:5      | Found a blossoming altar of Fedhas.
  4544 | D:5      | HP: 1/40 [gnoll/+0 club[a gnoll sergeant] (5)]
  4558 | D:5      | HP: 2/40 [gnoll/+0 club[a gnoll sergeant] (3)]
  4559 | D:5      | Slain by a gnoll

Illustrated notes

Levels and vault maps discovered:
D:1:      lemuel_arrival_funnel, layout_loops_cross
D:2:      layout_basic, ebering_ecumenical_altar_sacrificial, basic_altar
D:3:      layout_loops_ring, small_statue_intersection, uniq_ijyb
D:4:      layout_rooms, yredelemnul_altar_generic, minmay_temple_entry_waves,
          cheibrodos_gnoll_hut
D:5:      cheibrodos_quashed, layout_basic, fedhas_altar_4, serial_corexii_hall,
          corexii_hall_statues_x, corexii_hall_statues_l
Temple:   hellmonk_temple_divided_pantheon

Skill      XL: |  1  2  3  4  5  6  7 |
---------------+----------------------+-----
Spellcasting   | 5 6 7 8 |  8.8
Ice Magic      | 2 |  2.0
Air Magic      | 2 |  2.0
Dodging        | 3 4 |  4.1
Fighting       | 1 2 |  2.0
Armour         | 1 2 |  2.2
Invocations    | 1 2 |  2.6
Stealth        | |  2.4
Conjurations   | |  1.1
Summonings     | |  1.1
Translocations | |  1.1

Action                     |  1- 3 |  4- 6 |  7- 9 || total
---------------------------+-------+-------+-------++-------
  Melee: Dagger            |     3 |       |       ||     3
         Staff             |     5 |     7 |     8 ||    20
         Punch             |       |     1 |       ||     1
   Cast: Magic Dart        |    94 |    92 |    69 ||   255
         Frozen Ramparts   |     2 |     9 |     4 ||    15
         Mephitic Cloud    |     2 |     1 |       ||     3
         Call Imp          |     1 |       |     1 ||     2
    Use: Scroll            |     7 |     6 |     1 ||    14
         Potion            |       |     4 |       ||     4
 Armour: Robe              |     9 |       |       ||     9
         Leather armour    |       |    17 |     6 ||    23
         Skin              |       |     1 |       ||     1
  Dodge: Dodged            |    34 |    47 |    29 ||   110

Table legend: (Time is in decaauts)
 A = Elapsed time spent in this place.
 B = Non-inter-level travel time spent in this place.
 C = Inter-level travel time spent in this place.
 D = Time resting spent in this place.
 E = Time spent auto-exploring this place.
 F = Levels seen in this place.
 G = Mean time per level.
                   A        B        C        D        E       F      G
               +--------+--------+--------+--------+--------+-----+--------+
         Total |   4547 |   4383 |    164 |    841 |   2850 |   6 |  757.8 |
       Dungeon |   4501 |   4340 |    161 |    841 |   2839 |   5 |  900.2 |
        Temple |     45 |     42 |      3 |      0 |     11 |   1 |   45.0 |
               +--------+--------+--------+--------+--------+-----+--------+

Top non-repeatable levels by time:
     D:2: 1233 daAuts
     D:4: 1113 daAuts
     D:5: 949 daAuts
     D:1: 922 daAuts
     D:3: 282 daAuts
  Temple: 45 daAuts
